 Dungeon Crawl Stone Soup version 0.19-a0-32-gbfd796a (webtiles) character file.

15 M4edhros the Grave Robber (level 2, -1/17 HPs)
             Began as an Octopode Necromancer on May 3, 2016.
             Slain by an ooze (2 damage)
             ... on level 1 of the Dungeon.
             The game lasted 00:00:53 (139 turns).

M4edhros the Grave Robber (Octopode Necromancer)     Turns: 139, Time: 00:00:53

Health: -1/17      AC:  1    Str:  7    XL:     2   Next: 50%
Magic:  0/5        EV: 12    Int: 17    God:
Gold:   37         SH:  0    Dex: 12    Spells: 1 memorised, 4 levels left

rFire  . . .     SeeInvis .       - Unarmed
rCold  . . .     Gourm    .     (no shield)
rNeg   . . .     Faith    .     (helmet restricted)
rPois  .         Spirit   .     (no amulet)
rElec  .         Dismiss  .     (no ring)
rCorr  .         Reflect  .     (no ring)
SustAt .         Harm     .     (no ring)
MR     .....                    (no ring)
Stlth  +++.......               (no ring)
                                (no ring)
                                (no ring)
                                (no ring)

@: not resistant to hostile enchantments, fairly stealthy
A: almost no armour, amphibious, 8 rings, constrict 8, camouflage 1, gelatinous
body 1
a: no special abilities


You were on level 1 of the Dungeon.
You were not hungry.

You visited 1 branch of the dungeon, and saw 2 of its levels.

You collected 37 gold pieces.

Inventory:

Potions
 c - a potion of heal wounds {unknown}
 e - a potion of agility {unknown}
Books
 a - a book of Necromancy

   Spells                             Type                      Level
   a - Pain                           Necromancy                   1
   b - Animate Skeleton               Necromancy                   1
   c - Vampiric Draining              Necromancy                   3
   d - Regeneration                   Charms/Necromancy            3
   e - Animate Dead                   Necromancy                   4
   f - Control Undead                 Necromancy                   4
Comestibles
 b - a bread ration
 d - a meat ration


   Skills:
 - Level 2.0 Dodging
 - Level 2.6 Stealth
 + Level 2.0 Unarmed Combat
 - Level 2.0 Spellcasting
 - Level 4.0 Necromancy


You had 4 spell levels left.
You knew the following spells:

 Your Spells              Type           Power        Failure   Level  Hunger
a - Pain                  Necr           ###.         3%          1    #......


Dungeon Overview and Level Annotations

Branches:
Dungeon (2/15)

Altars:
Gozag


Innate Abilities, Weirdness & Mutations

You cannot wear most types of armour.
You are amphibious.
You can wear up to eight rings at the same time.
You can use your tentacles to constrict eight enemies at once.
Your skin changes colour to match your surroundings (Stealth).
Your rubbery body absorbs attacks (AC +1).


Message History

Confirm with . or Enter, or press ? or * to list all spells.
Aiming: Pain
Press: ? - help, Shift-Dir - straight line, f/p - ooze
Aim: an ooze (moderately wounded, chance to defeat MR: 73%)
The ooze struggles to resist.
Casting: Pain
Confirm with . or Enter, or press ? or * to list all spells.
Aiming: Pain
Press: ? - help, Shift-Dir - straight line, f/p - ooze
Aim: an ooze (moderately wounded, chance to defeat MR: 73%)
The ooze convulses in agony!
You tentacle-slap the ooze but do no damage.
The ooze is moderately wounded.
The ooze misses you.
You tentacle-slap the ooze.
The ooze is heavily wounded.
You barely miss the ooze.
The ooze is heavily wounded.
The ooze hits you.
You die...

.... .... #[ #... #.
#..# ###.###..##
..........###
###########.........###
≈≈≈≈≈≈≈≈≈≈ #.†J@.#....
.....≈≈≈≈≈ #......#
.≈≈≈....≈≈ #......#
≈≈.≈≈≈...≈ #......###
..<.≈≈≈..≈ #........#
≈≈.≈≈≈...≈ #.....##..#
.≈≈≈....≈≈ #.....###..
.....≈≈≈≈≈ #.......###
≈≈.≈≈≈≈≈≈≈ ###.###..#


You could see an ooze.

Vanquished Creatures
  An adder (D:2)
  A bat (D:1)
  A giant cockroach (D:1)
  A hobgoblin (D:1)
  A kobold (D:1)
  A ball python (D:1)
6 creatures vanquished.

Notes
Turn   | Place    | Note
--------------------------------------------------------------
     0 | D:1      | M4edhros the Octopode Necromancer began the quest for the Orb.
     0 | D:1      | Reached XP level 1. HP: 11/11 MP: 3/3
    48 | D:2      | Found an opulent altar of Gozag.
    58 | D:2      | Reached skill level 1 in Unarmed Combat
    58 | D:2      | Reached XP level 2. HP: 4/17 MP: 0/5
   139 | D:1      | Slain by an ooze

Vault maps used:
D:1:      dpeg_arrival_shrine, minmay_cut_off
D:2:      first_bread, nicolae_gozag_cash_rules_everything_around_me

Skill      XL: |  1  2 |
---------------+-------+-----
Unarmed Combat | 1 2 |  2.0
Dodging        | |  2.0
Stealth        | |  2.6
Spellcasting   | |  2.0
Necromancy     | |  4.0

Action                   || total
-------------------------++-------
Melee: Unarmed           ||    19
       Constrict         ||     4
       Tentacles         ||     2
 Cast: Pain              ||    10
 Stab: Sleeping          ||     1
Dodge: Dodged            ||    11
